 Dungeon Crawl Stone Soup version 0.30.0-29-ga12c61a403 (webtiles) character file.

Game seed: 7576085318655846014

548 croobank the Firebug (level 6, -3/50 HPs)
             Began as a Demigod Fire Elementalist on June 22, 2023.
             Slain by a gnoll
             ... wielding a +0 halberd
              (14 damage)
             ... on level 6 of the Dungeon.
             The game lasted 00:17:38 (4873 turns).

croobank the Firebug (Demigod Fire Elementalist)    Turns: 4873, Time: 00:17:39

Health: -3/50      AC:  5    Str:  9    XL:     6   Next: 78%
Magic:  4/13       EV: 13    Int: 25    God:
Gold:   258        SH:  0    Dex: 14    Spells: 5/11 levels left

rFire   . . .        h - +0 dagger
rCold   + . .        (no shield)
rNeg    . . .        a - +0 robe
rPois   .            s - +0 helmet
rElec   .            (no cloak)
rCorr   .            G - +0 pair of gloves
SInv    .            E - +0 pair of boots
Will    .....        (no amulet)
Stlth   +            e - ring of protection from cold
HPRegen 0.28/turn    (no ring)
MPRegen 0.13/turn

%: no passive effects
@: silenced
A: high MP 1, forlorn, divine attributes
a: no special abilities


You were on level 6 of the Dungeon.
You visited 1 branch of the dungeon, and saw 5 of its levels.

You collected 258 gold pieces.

Inventory:

Hand Weapons
 h - a +0 dagger (weapon)
 k - a +0 short sword
 u - a +0 falchion
 I - a +2 antimagic hand axe
 J - a +1 antimagic short sword
 K - a +1 antimagic dagger
Missiles
 B - 6 boomerangs (quivered)
Armour
 a - a +0 robe (worn)
 i - a +0 buckler
 s - a +0 helmet (worn)
 A - a +0 leather armour
 C - a +2 ring mail of poison resistance
 E - a +0 pair of boots (worn)
 G - a +0 pair of gloves (worn)
Jewellery
 e - a ring of protection from cold (left hand)
 H - a ring of protection from fire
Scrolls
 c - 3 scrolls of noise
 g - 2 scrolls of identify
 l - a scroll of acquirement
 n - a scroll of amnesia {unknown}
 o - a scroll of teleportation {unknown}
 q - 3 scrolls of poison {unknown}
 w - 2 scrolls of fear {unknown}
 y - a scroll of enchant armour {unknown}
 F - a scroll of brand weapon {unknown}
Potions
 b - 2 potions of magic
 d - 7 potions of curing
 f - 4 potions of lignification {unknown}
 j - a potion of degeneration {unknown}
 p - 2 potions of haste {unknown}
 r - a potion of mutation {unknown}
 t - a potion of invisibility {unknown}
 v - 2 potions of attraction {unknown}
 x - a potion of might {unknown}
 z - a potion of ambrosia {unknown}


   Skills:
 * Level 2.8 Fighting
 + Level 3.2 Dodging
 + Level 3.3 Stealth
 + Level 3.0 Spellcasting
 + Level 2.7 Conjurations
 + Level 3.7 Fire Magic


You had 5 spell levels left.
You knew the following spells:

 Your Spells              Type           Power      Damage    Failure   Level
a - Foxfire               Conj/Fire      80%        2x1d8     2%          1
b - Scorch                Fire           44%        2d6       3%          2
c - Inner Flame           Hex/Fire       13%        N/A       14%         3

Your spell library contained the following spells:

 Spells                   Type           Power      Damage    Failure   Level
 Beastly Appendage        Tmut           6%         N/A       10%         1
 Necrotise                Necr           12%        1d4       10%         1
 Summon Small Mammal      Summ           12%        N/A       10%         1
 Volatile Blastmotes      Fire/Tloc      26%        2d12      14%         3
 Wereblood                Tmut           3%         N/A       16%         2
 Mephitic Cloud           Conj/Pois/Air  8%         N/A       21%         3
 Flame Wave               Conj/Fire      20%        2d7       26%         4
 Call Canine Familiar     Summ           3%         N/A       30%         3
 Spider Form              Tmut/Pois      3%         N/A       30%         3
 Summon Guardian Golem    Hex/Summ       3%         N/A       30%         3
 Tukima's Dance           Hex            3%         N/A       30%         3
 Vampiric Draining        Necr           3%         2d6       30%         3
 Cause Fear               Hex            1%         N/A       69%         4
 Agony                    Necr           3%         N/A       95%         5
 Metabolic Englaciation   Hex/Ice        1%         N/A       95%         5
 Summon Mana Viper        Hex/Summ       3%         N/A       95%         5
 Yara's Violent Unravell  Hex/Tmut       1%         3d3       95%         5
 Enfeeble                 Hex            1%         N/A       100%        7
 Orb of Destruction       Conj           8%         9d6       100%        7
 Spellforged Servitor     Conj/Summ      5%         N/A       100%        7


Dungeon Overview and Level Annotations

Branches:
Dungeon (6/15)             Temple (0/1) D:4


Innate Abilities, Weirdness & Mutations

You have an increased reservoir of magic. (+10% MP)
You shall have no god before yourself.
Your divine heritage dramatically boosts your attributes as you level up.


Message History

Press ? for a list of commands and other information.
You hit the orc.
The orc is heavily wounded.
You feel sick.
You are no longer poisoned.
The orc barely misses you.
You hit the orc. Your punch misses the orc.
The orc is almost dead.
The orc closely misses you.
You hit the orc.
You kill the orc!
You hit the orc but do no damage. The orc misses you.
You closely miss the orc. The gnoll closely misses you.
The orc hits you with a +0 hand axe.
You barely miss the orc.
The gnoll hits you from afar with a +0 halberd.
The orc hits you but does no damage.
You closely miss the orc. The gnoll closely misses you.
The orc hits you with a +0 hand axe.
You hit the orc but do no damage.
The gnoll hits you from afar with a +0 halberd.
The orc hits you with a +0 hand axe.
You closely miss the orc. The gnoll barely misses you.
The orc closely misses you.
You hit the orc.
The orc is lightly wounded.
The gnoll hits you from afar with a +0 halberd.
The orc hits you with a +0 hand axe.
You hit the orc but do no damage.
The orc is lightly wounded.
The gnoll misses you. The orc barely misses you.
You hit the orc.
The orc is heavily wounded.
The gnoll hits you from afar with a +0 halberd!
* * * LOW HITPOINT WARNING * * *
The orc barely misses you.
You barely miss the orc.
The orc is heavily wounded.
The gnoll hits you from afar with a +0 halberd!
You die...

# . .
....############
.
....)gYgo@.....#
####>
....##########.#
#.... . #.#
#.... #)# #....
#.# #..g. #.#
#.... #.# #....
#.# #.... #.#
####'


You could see an ice beast, 2 gnolls and an orc.

Vanquished Creatures
  An ogre (D:4)
  A scorpion (D:3)
  A jelly (D:4)
  An iguana (D:4)
  Terence (D:2)
  A sleepcap (D:6)
  2 orc wizards (D:4)
  10 gnolls
  6 adders
  4 dart slugs
  7 orcs
  7 bats
  6 endoplasms
  4 giant cockroaches
  6 goblins
  9 hobgoblins
  3 quokkas
  6 ball pythons
  4 frilled lizards
  6 kobolds
  7 rats
93 creatures vanquished.

Vanquished Creatures (others)
  136 foxfires
136 creatures vanquished.

Grand Total: 229 creatures vanquished

Notes
Turn   | Place    | Note
-------+----------+-------------------------------------------
     0 | D:1      | croobank the Demigod Fire Elementalist began the quest for
                  | the Orb.
     0 | D:1      | Reached XP level 1. HP: 14/14 MP: 5/5
    45 | D:1      | Reached skill level 1 in Conjurations
   272 | D:1      | Reached XP level 2. HP: 20/20 MP: 4/7
   275 | D:1      | Learned a level 2 spell: Scorch
  1205 | D:2      | Reached XP level 3. HP: 26/26 MP: 3/8
  1251 | D:2      | Learned a level 3 spell: Inner Flame
  2030 | D:2      | Reached XP level 4. HP: 33/33 MP: 5/10
  2520 | D:3      | Noticed Terence
  2576 | D:2      | Killed Terence
  2859 | D:2      | Reached skill level 1 in Fighting
  2922 | D:3      | Reached XP level 5. HP: 28/40 MP: 0/11
  3895 | D:4      | Found a staircase to the Ecumenical Temple.
  3975 | D:4      | Reached XP level 6. HP: 48/48 MP: 6/13
  4775 | D:4      | You fall into a shaft and drop 2 floors!
  4848 | D:6      | Identified 2 scrolls of acquirement
  4848 | D:6      | Acquired the Incunable of Baneful Obstruction
  4873 | D:6      | Slain by a gnoll

Illustrated notes

Levels and vault maps discovered:
D:1:      scummos_arrival_star, layout_basic
D:2:      layout_loops_ring
D:3:      layout_rooms, nicolae_underground_beach, uniq_terence
D:4:      layout_gridville, trog_antimagical, nicolae_dithmenos_shadow_blocks,
          led_sif_book, temple_statues
D:6:      layout_basic, nicolae_uskayaw_en_pointe

Skill      XL: |  1  2  3  4  5  6 |
---------------+-------------------+-----
Conjurations   | 1 2 |  2.7
Stealth        | 2 3 |  3.3
Dodging        | 2 3 |  3.2
Spellcasting   | 2 3 |  3.0
Fire Magic     | 3 |  3.7
Fighting       | 1 2 |  2.8

Action                     |  1- 3 |  4- 6 || total
---------------------------+-------+-------++-------
  Melee: Unarmed           |    15 |       ||    15
         Dagger            |    18 |    44 ||    62
  Throw: Throwing net      |       |     2 ||     2
   Cast: Foxfire           |    44 |    36 ||    80
         Scorch            |    21 |    55 ||    76
    Use: Scroll            |       |     4 ||     4
   Stab: Sleeping          |     2 |     4 ||     6
 Armour: Robe              |     7 |    13 ||    20
  Dodge: Dodged            |    27 |    64 ||    91
